NCAA
GEORGIA BULLDOGS @ SOUTHERN CALIFORNIA TROJANS
04/04/2025
 
TOP OF THE 1ST
Georgia Bulldogs batting - Pitching for Southern California Trojans : LHP Mark De Jesús
Pitching: LHP Mark De Jesús
Batting: LHB Marv Alexander 0-0: Called Strike
0-1: SINGLE (Flyball, 8LS)
Batting: RHB Juan Estrada 0-0: Ball
1-0: Ground out 5-3 (Groundball, 5S)
Marv Alexander to second
Batting: RHB Nick Harris 0-0: Ball
1-0: Ball
2-0: Ball
3-0: Called Strike
3-1: Base on Balls
Batting: RHB Francisco Rodríguez 0-0: Ball
1-0: Fly out, F7 (Line Drive, 78S)
Batting: RHB John Dyer 0-0: Foul Ball, location: 2F
0-1: Swinging Strike
0-2: Ball
1-2: Strikes out swinging
Top of the 1st over - 0 run(s), 1 hit(s), 0 error(s), 2 left on base; Georgia 0 - Southern California 0
BOTTOM OF THE 1ST
Southern California Trojans batting - Pitching for Georgia Bulldogs : LHP Peter Sullivan
Pitching: LHP Peter Sullivan
Batting: RHB Gabriel Erwin 0-0: Ball
1-0: Ball
2-0: Ball
3-0: Base on Balls
Batting: RHB Mike Carter 0-0: Ball
1-0: Called Strike
1-1: Foul Ball, location: 2F
1-2: Ball
2-2: Strikes out looking
Batting: LHB Scot Chilson 0-0: Ball
1-0: Called Strike
1-1: Called Strike
1-2: Foul Ball, location: 2F
1-2: Fly out, F7 (Line Drive, 78M)
Batting: LHB Mike Davis Pickoff Throw to First - Out!
Bottom of the 1st over - 0 run(s), 0 hit(s), 0 error(s), 0 left on base; Georgia 0 - Southern California 0
TOP OF THE 2ND
Georgia Bulldogs batting - Pitching for Southern California Trojans : LHP Mark De Jesús
Batting: RHB Tom Stoltz 0-0: Ball
1-0: Ball
2-0: Called Strike
2-1: Swinging Strike
2-2: Strikes out looking
Batting: RHB Bryce Dougherty 0-0: Ball
1-0: Ball
2-0: Ball
3-0: Base on Balls
Batting: RHB Michael Stevenson 0-0: Called Strike
0-1: Foul Ball, location: 2F
0-2: Strikes out swinging
Batting: RHB Mario Barker 0-0: Ground out 1-3 (Groundball, 15)
Top of the 2nd over - 0 run(s), 0 hit(s), 0 error(s), 1 left on base; Georgia 0 - Southern California 0
BOTTOM OF THE 2ND
Southern California Trojans batting - Pitching for Georgia Bulldogs : LHP Peter Sullivan
Batting: LHB Mike Davis 0-0: SINGLE (Line Drive, 89S)
Batting: RHB Marvin Johnson 0-0: Ball
1-0: Fly out, F3 (Popup, 3)
Batting: LHB Kel Smith 0-0: Fly out, F8 (Flyball, 8RD)
Batting: LHB Justin Holland 0-0: Ball
1-0: Foul Ball, location: 2F
1-1: Fly out, F8 (Flyball, 8LXD)
Bottom of the 2nd over - 0 run(s), 1 hit(s), 0 error(s), 1 left on base; Georgia 0 - Southern California 0
TOP OF THE 3RD
Georgia Bulldogs batting - Pitching for Southern California Trojans : LHP Mark De Jesús
Batting: LHB Marv Alexander 0-0: Foul Ball, location: 2F
0-1: Called Strike
0-2: Strikes out swinging
Batting: RHB Juan Estrada 0-0: Ball
1-0: Ball
2-0: Foul Ball, location: 2F
2-1: Bunted foul
2-2: Fly out, F7 (Line Drive, 78S)
Batting: RHB Nick Harris 0-0: Ball
1-0: Called Strike
1-1: Foul Ball, location: 2F
1-2: Foul Ball, location: 2F
1-2: Foul Ball, location: 2F
1-2: Ground out 1-3 (Groundball, 25)
Top of the 3rd over - 0 run(s), 0 hit(s), 0 error(s), 0 left on base; Georgia 0 - Southern California 0
BOTTOM OF THE 3RD
Southern California Trojans batting - Pitching for Georgia Bulldogs : LHP Peter Sullivan
Batting: LHB Lee Foster 0-0: Called Strike
0-1: Ball
1-1: Ball
2-1: Swinging Strike
2-2: Ball
3-2: SINGLE (Line Drive, 6MD)
Batting: RHB Enrico Davis 0-0: Fielders Choice at 2nd, 1-6 (Groundball, 23)
Batting: RHB Gabriel Erwin 0-0: Ball
1-0: Fielders Choice at 2nd, 6-4 (Groundball, 6M)
Batting: RHB Mike Carter 0-0: Ball
1-0: Ball
2-0: Called Strike
2-1: Ball
3-1: Foul Ball, location: 2F
3-2: Strikes out swinging
Bottom of the 3rd over - 0 run(s), 1 hit(s), 0 error(s), 1 left on base; Georgia 0 - Southern California 0
TOP OF THE 4TH
Georgia Bulldogs batting - Pitching for Southern California Trojans : LHP Mark De Jesús
Batting: RHB Francisco Rodríguez 0-0: Called Strike
0-1: Foul Ball, location: 2F
0-2: Foul Ball, location: 2F
0-2: Strikes out swinging
Batting: RHB John Dyer 0-0: Called Strike
0-1: Foul Ball, location: 2F
0-2: Strikes out swinging
Batting: RHB Tom Stoltz 0-0: Ball
1-0: Ground out 4-3 (Groundball, 4)
Top of the 4th over - 0 run(s), 0 hit(s), 0 error(s), 0 left on base; Georgia 0 - Southern California 0
BOTTOM OF THE 4TH
Southern California Trojans batting - Pitching for Georgia Bulldogs : LHP Peter Sullivan
Batting: LHB Scot Chilson 0-0: Fly out, F2 (Popup, 2R)
Batting: LHB Mike Davis 0-0: Ball
1-0: Fly out, F6 (Line Drive, 6M)
Batting: RHB Marvin Johnson 0-0: Foul Ball, location: 2F
0-1: SOLO HOME RUN (Flyball, 7LD), Distance : 322 ft
Batting: LHB Kel Smith 0-0: Called Strike
0-1: Swinging Strike
0-2: Strikes out swinging
Bottom of the 4th over - 1 run(s), 1 hit(s), 0 error(s), 0 left on base; Georgia 0 - Southern California 1
TOP OF THE 5TH
Georgia Bulldogs batting - Pitching for Southern California Trojans : LHP Mark De Jesús
Batting: RHB Bryce Dougherty 0-0: Ball
1-0: Foul Ball, location: 2F
1-1: Ball
2-1: Ball
3-1: Base on Balls
Batting: RHB Michael Stevenson 0-0: Ball
1-0: Grounds into double play, 1-6-3 (Groundball, 13S)
Batting: RHB Mario Barker 0-0: Ball
1-0: Called Strike
1-1: SINGLE (Line Drive, 6M)
Batting: LHB Marv Alexander 0-0: Ball
Mario Barker is caught stealing 2nd base
Top of the 5th over - 0 run(s), 1 hit(s), 0 error(s), 0 left on base; Georgia 0 - Southern California 1
BOTTOM OF THE 5TH
Southern California Trojans batting - Pitching for Georgia Bulldogs : LHP Peter Sullivan
Batting: LHB Justin Holland 0-0: Called Strike
0-1: Ball
1-1: Fly out, F7 (Flyball, 7S)
Batting: LHB Lee Foster 0-0: Foul Ball, location: 2F
0-1: Swinging Strike
0-2: Strikes out looking
Batting: RHB Enrico Davis 0-0: Ball
1-0: Swinging Strike
1-1: Called Strike
1-2: Ball
2-2: Ball
3-2: Foul Ball, location: 2F
3-2: Ground out 6-3 (Groundball, 6)
Bottom of the 5th over - 0 run(s), 0 hit(s), 0 error(s), 0 left on base; Georgia 0 - Southern California 1
TOP OF THE 6TH
Georgia Bulldogs batting - Pitching for Southern California Trojans : LHP Mark De Jesús
Batting: LHB Marv Alexander 0-0: Called Strike
0-1: SOLO HOME RUN (Flyball, 7LD), Distance : 324 ft
Batting: RHB Juan Estrada 0-0: Ball
1-0: Ball
2-0: Called Strike
2-1: Ball
3-1: Swinging Strike
3-2: Strikes out looking
Batting: RHB Nick Harris 0-0: Ball
1-0: Ball
2-0: Foul Ball, location: 2F
2-1: Ball
3-1: Base on Balls
Batting: RHB Francisco Rodríguez 0-0: Ball
1-0: Called Strike
1-1: Called Strike
1-2: Strikes out swinging
Batting: RHB John Dyer 0-0: Ball
1-0: Ball
2-0: Foul Ball, location: 2F
2-1: Ball
3-1: Called Strike
3-2: Fly out, F7 (Flyball, 7M)
Top of the 6th over - 1 run(s), 1 hit(s), 0 error(s), 1 left on base; Georgia 1 - Southern California 1
BOTTOM OF THE 6TH
Southern California Trojans batting - Pitching for Georgia Bulldogs : LHP Peter Sullivan
Batting: RHB Gabriel Erwin 0-0: Swinging Strike
0-1: SINGLE (Groundball, 6MD) (infield hit)
Batting: RHB Mike Carter 0-0: Ball
1-0: Foul Ball, location: 2F
1-1: Grounds into double play, 6-4-3 (Groundball, 6M)
Batting: LHB Scot Chilson 0-0: Swinging Strike
0-1: Called Strike
0-2: Ball
1-2: Strikes out swinging
Bottom of the 6th over - 0 run(s), 1 hit(s), 0 error(s), 0 left on base; Georgia 1 - Southern California 1
TOP OF THE 7TH
Georgia Bulldogs batting - Pitching for Southern California Trojans : LHP Mark De Jesús
Pitching: RHP Jeffery Young
Batting: RHB Tom Stoltz 0-0: Called Strike
0-1: DOUBLE (Line Drive, 5D)
Batting: RHB Bryce Dougherty 0-0: Intentional Walk
Batting: RHB Michael Stevenson 0-0: Called Strike
0-1: Ball
1-1: Sac Bunt - play at first, batter OUT! 1-4
Tom Stoltz to third
Bryce Dougherty to second
Batting: RHB Mario Barker 0-0: Called Strike
0-1: Ground out 4-3 (Groundball, 4)
Batting: LHB Marv Alexander 0-0: Foul Ball, location: 2F
0-1: Called Strike
0-2: Ball
1-2: Foul Ball, location: 2F
1-2: SINGLE (Groundball, 4M)
Tom Stoltz scores
Bryce Dougherty to third
Runner from 3rd tries for Home, SAFE, no throw or cutoff
Batting: RHB Juan Estrada 0-0: Ball
1-0: SINGLE (Line Drive, 89S)
Marv Alexander to second
Batting: RHB Nick Harris 0-0: Ball
1-0: Called Strike
1-1: Swinging Strike
1-2: Ball
2-2: Foul Ball, location: 2F
2-2: Ball
3-2: Base on Balls
Marv Alexander to third
Juan Estrada to second
Batting: RHB Francisco Rodríguez 0-0: Ball
1-0: Swinging Strike
1-1: Ball
2-1: Called Strike
2-2: Ball
3-2: Base on Balls
Marv Alexander scores
Juan Estrada to third
Nick Harris to second
Pitching: LHP Darren Russell
Batting: RHB John Dyer 0-0: Fly out, F5 (Line Drive, 5S)
Top of the 7th over - 3 run(s), 3 hit(s), 0 error(s), 3 left on base; Georgia 4 - Southern California 1
BOTTOM OF THE 7TH
Southern California Trojans batting - Pitching for Georgia Bulldogs : LHP Peter Sullivan
Batting: LHB Mike Davis 0-0: Ball
1-0: Ball
2-0: Foul Ball, location: 2F
2-1: Ball
3-1: Swinging Strike
3-2: Strikes out swinging
Batting: RHB Marvin Johnson 0-0: Called Strike
0-1: Ball
1-1: Ball
2-1: Ball
3-1: Base on Balls
Batting: LHB Kel Smith 0-0: Ball
1-0: Grounds into double play, 1-4-3 (Groundball, 25)
Bottom of the 7th over - 0 run(s), 0 hit(s), 0 error(s), 0 left on base; Georgia 4 - Southern California 1
TOP OF THE 8TH
Georgia Bulldogs batting - Pitching for Southern California Trojans : LHP Darren Russell
Batting: RHB Tom Stoltz 0-0: Foul Ball, location: 2F
0-1: Swinging Strike
0-2: Strikes out swinging
Batting: RHB Bryce Dougherty 0-0: Ball
1-0: Foul Ball, location: 2F
1-1: Foul Ball, location: 2F
1-2: Ball
2-2: Ball
3-2: Base on Balls
Batting: RHB Michael Stevenson 0-0: Ball
1-0: Ball
2-0: Called Strike
2-1: Ball
3-1: Fly out, F2 (Popup, 2LF)
Batting: RHB Mario Barker 0-0: Fly out, F9 (Flyball, 89M)
Top of the 8th over - 0 run(s), 0 hit(s), 0 error(s), 1 left on base; Georgia 4 - Southern California 1
BOTTOM OF THE 8TH
Southern California Trojans batting - Pitching for Georgia Bulldogs : LHP Peter Sullivan
Batting: LHB Justin Holland 0-0: Ball
1-0: Foul Ball, location: 2F
1-1: Hit by Pitch
Pitching: RHP Jon Glass
Batting: LHB Lee Foster 0-0: Ball
1-0: DOUBLE (Line Drive, 7LM)
Justin Holland to third
Pitching: RHP Adam Reed
Batting: RHB Enrico Davis 0-0: Called Strike
0-1: Called Strike
0-2: Ball
1-2: Ball
2-2: SINGLE (Groundball, 5L)
Justin Holland scores
Lee Foster to third
Runner from 3rd tries for Home, SAFE, no throw or cutoff
Batting: RHB Gabriel Erwin 0-0: Called Strike
0-1: Sac Bunt - play at first, batter OUT! 2-4
Enrico Davis to second
Batting: RHB Mike Carter 0-0: Ball
1-0: Foul Ball, location: 2F
1-1: Foul Ball, location: 2F
1-2: Foul Ball, location: 2F
1-2: Reached on error, E5 (Groundball, 56)
Enrico Davis scores
Batting: LHB Scot Chilson 0-0: Hit by Pitch
Batting: LHB Mike Davis 0-0: Ball
1-0: Ball
2-0: Ball
3-0: Called Strike
3-1: Called Strike
3-2: Grounds into double play, 6-4-3 (Groundball, 6)
Bottom of the 8th over - 3 run(s), 2 hit(s), 1 error(s), 1 left on base; Georgia 4 - Southern California 4
TOP OF THE 9TH
Georgia Bulldogs batting - Pitching for Southern California Trojans : LHP Darren Russell
Pitching: LHP César Ruíz
Pinch Hitting: RHB Glenn Carter 0-0: Fly out, F8 (Flyball, 8LM)
Batting: RHB Juan Estrada 0-0: DOUBLE (Line Drive, 34)
Batting: RHB Nick Harris 0-0: Intentional Walk
Batting: RHB Francisco Rodríguez 0-0: Called Strike
0-1: Ball
1-1: Called Strike
1-2: Ball
2-2: DOUBLE (Line Drive, 7LM)
Juan Estrada scores
Nick Harris to third
Batting: RHB John Dyer 0-0: Intentional Walk
Batting: RHB Tom Stoltz 0-0: Ball
1-0: Fly out, F9 (Flyball, 89M)
Runner from 3rd tags up, SCORES, no throw
Batting: RHB Bryce Dougherty 0-0: Swinging Strike
0-1: Ball
1-1: Ball
2-1: Swinging Strike
2-2: Foul Ball, location: 2F
2-2: Fly out, F3 (Popup, 13)
Top of the 9th over - 2 run(s), 2 hit(s), 0 error(s), 2 left on base; Georgia 6 - Southern California 4
BOTTOM OF THE 9TH
Southern California Trojans batting - Pitching for Georgia Bulldogs : RHP Adam Reed
Pitching: RHP Don Kennedy
Now in CF: Sandro Márquez
Batting: RHB Marvin Johnson 0-0: Ball
1-0: Ground out 6-3 (Groundball, 6)
Batting: LHB Kel Smith 0-0: Ball
1-0: Called Strike
1-1: SINGLE (Line Drive, 8RS)
Batting: LHB Justin Holland 0-0: Ball
1-0: Foul Ball, location: 2F
1-1: Ball
2-1: Foul Ball, location: 2F
2-2: Foul Ball, location: 2F
2-2: Ball
3-2: 2-RUN HOME RUN (Flyball, 8LXD), Distance : 394 ft
Batting: LHB Lee Foster 0-0: Ball
1-0: Ball
2-0: Called Strike
2-1: Ball
3-1: Foul Ball, location: 2F
3-2: Fly out, F3 (Popup, 13)
Batting: RHB Enrico Davis 0-0: Called Strike
0-1: Ball
1-1: Called Strike
1-2: Strikes out swinging
Bottom of the 9th over - 2 run(s), 2 hit(s), 0 error(s), 0 left on base; Georgia 6 - Southern California 6
TOP OF THE 10TH
Georgia Bulldogs batting - Pitching for Southern California Trojans : LHP César Ruíz
Batting: RHB Michael Stevenson 0-0: Called Strike
0-1: Ball
1-1: Ball
2-1: Swinging Strike
2-2: Strikes out looking
Batting: RHB Mario Barker 0-0: Ball
1-0: Ball
2-0: Called Strike
2-1: Swinging Strike
2-2: Foul Ball, location: 2F
2-2: Foul Ball, location: 2F
2-2: Ball
3-2: Base on Balls
Batting: LHB Sandro Márquez 0-0: Ball
Mario Barker steals 2nd base
1-0: Called Strike
1-1: Ground out 4-3 (Groundball, 4M)
Mario Barker to third
Batting: RHB Juan Estrada 0-0: Ball
1-0: Ball
2-0: Foul Ball, location: 2F
2-1: 2-RUN HOME RUN (Flyball, 8LXD), Distance : 389 ft
Pitching: RHP Curt Cremen
Batting: RHB Nick Harris 0-0: Foul Ball, location: 2F
0-1: Ball
1-1: Ball
2-1: Ball
3-1: Foul Ball, location: 2F
3-2: Foul Ball, location: 2F
3-2: Base on Balls
Batting: RHB Francisco Rodríguez 0-0: Called Strike
Nick Harris steals 2nd base
0-1: Ball
1-1: SINGLE (Line Drive, 78M)
Nick Harris to third
Runner from 3rd tries for Home, SAFE, no throw or cutoff
Batting: RHB John Dyer 0-0: Ball
Francisco Rodríguez steals 2nd base
1-0: Foul Ball, location: 2F
1-1: Called Strike
1-2: Ball
2-2: Foul Ball, location: 2F
2-2: Ball
3-2: Fly out, F8 (Flyball, 8LS)
Top of the 10th over - 3 run(s), 2 hit(s), 0 error(s), 1 left on base; Georgia 9 - Southern California 6
BOTTOM OF THE 10TH
Southern California Trojans batting - Pitching for Georgia Bulldogs : RHP Don Kennedy
Batting: RHB Gabriel Erwin 0-0: Ball
1-0: Swinging Strike
1-1: Called Strike
1-2: Strikes out looking
Batting: RHB Mike Carter 0-0: Ground out U3 (Groundball, 3L)
Batting: LHB Scot Chilson 0-0: Ball
1-0: Called Strike
1-1: Ball
2-1: Ball
3-1: Called Strike
3-2: Foul Ball, location: 2F
3-2: Base on Balls
Batting: LHB Mike Davis 0-0: Called Strike
0-1: Called Strike
0-2: Ball
1-2: Strikes out swinging
Bottom of the 10th over - 0 run(s), 0 hit(s), 0 error(s), 1 left on base; Georgia 9 - Southern California 6
This league is powered by Out of the Park Baseball, the baseball management simulation game for PC, Mac and Linux
Tuesday, August 2nd, 2016 - OOTP Baseball 16.8 Build 38